 Dungeon Crawl Stone Soup version 0.25-a0-578-gc91f01c (webtiles) character file.

Game seed: 8570427301717061121, levelgen mode: deterministic

32 Faca the Vandal (level 3, 0/25 HPs)
             Began as a Halfling Hunter on Mar 7, 2020.
             Slain by a hobgoblin
             ... wielding a +0 club
              (4 damage)
             ... on level 1 of the Dungeon.
             The game lasted 00:02:24 (1206 turns).

Faca the Vandal (Halfling Hunter)                   Turns: 1206, Time: 00:02:24

Health: 0/25       AC:  3    Str: 13    XL:     3   Next: 45%
Magic:  3/3        EV: 13    Int:  9    God:
Gold:   39         SH:  6    Dex: 15    Spells: 2/2 levels left

rFire    . . .     SeeInvis .   a - +1 hunting sling
rCold    . . .     Gourm    .   i - +2 buckler
rNeg     . . .     Faith    .   c - +0 leather armour
rPois    .         Spirit   .   (no helmet)
rElec    .         Reflect  .   (no cloak)
rCorr    .         Harm     .   (no gloves)
MR       .....                  (no boots)
Stlth    ++........             (no amulet)
HPRegen  0.08/turn              (no ring)
MPRegen  0.08/turn              (no ring)

@: no status effects
A: small, mutation resistance 1
a: no special abilities


You were on level 1 of the Dungeon.
You were not hungry.

You visited 1 branch of the dungeon, and saw 2 of its levels.

You collected 39 gold pieces.

Inventory:

Hand Weapons
 a - a +1 hunting sling (weapon)
 b - a +0 short sword
Missiles
 d - 15 sling bullets (quivered)
 h - 24 stones
Armour
 c - a +0 leather armour (worn)
 i - a +2 buckler (worn)
Potions
 j - 2 potions of heal wounds {unknown}
Comestibles
 f - 2 rations


   Skills:
 + Level 2.3 Fighting
 + Level 1.8 Short Blades
 + Level 6.3 Slings
 - Level 2.1 Dodging
 - Level 1.1 Stealth


You had 2 spell levels left.
You didn't know any spells.
Your spell library was empty.

Dungeon Overview and Level Annotations

Branches:
Dungeon (2/15)

Altars:


Innate Abilities, Weirdness & Mutations

You are small and have problems with some larger weapons.
You are somewhat resistant to further mutation.


Message History

Firing (i - inventory. (/) - cycle)
d - 18 sling bullets (quivered)
Press: ? - help, Shift-Dir - straight line, f/p - hobgoblin
Aim: a hobgoblin, wielding a +0 club (heavily wounded)
You shoot a sling bullet.
The sling bullet hits the hobgoblin but does no damage.
The hobgoblin is heavily wounded.
The hobgoblin hits you but does no damage.
Firing (i - inventory. (/) - cycle)
d - 17 sling bullets (quivered)
Press: ? - help, Shift-Dir - straight line, f/p - hobgoblin
Aim: a hobgoblin, wielding a +0 club (heavily wounded)
You shoot a sling bullet. The sling bullet hits the hobgoblin.
The hobgoblin is almost dead.
The hobgoblin misses you.
Firing (i - inventory. (/) - cycle)
d - 16 sling bullets (quivered)
Press: ? - help, Shift-Dir - straight line, f/p - hobgoblin
Aim: a hobgoblin, wielding a +0 club (almost dead)
You shoot a sling bullet.
The sling bullet barely misses the hobgoblin.
The hobgoblin hits you with a +0 club.
You die...

.......##...# #.#####.#
.......##...### #.......#
..............# ###.###.#
.......##...#.# #.#####
.......##...#.# #......
.......#....#.# #..###.
..............# #....#.
...♣.♣.#...################.##.#.
................@g.....(......>..
###♣.♣##........##.....####....#.
..........................####.#.
♣##♣.♣##.....♣.♣♣♣.....##.# #.♣.
♣.....##.......P.♣#######.## #♣P.
♣##♣.♣##.....♣.PP♣#######..#♣♣♣.P
♣ #.#.......♣P....#.......♣..♣P.
♣ ♣.♣.######♣♣♣P♣.........♣♣..P.
♣ #.#.# #####.......♣P♣..P


You could see a hobgoblin.

Vanquished Creatures
  A gnoll (D:1)
  A dart slug (D:1)
  4 bats
  2 giant cockroaches (D:1)
  5 hobgoblins (D:1)
  A frilled lizard (D:1)
  3 kobolds (D:1)
  3 rats (D:1)
20 creatures vanquished.

Notes
Turn   | Place    | Note
-------+----------+-------------------------------------------
     0 | D:1      | Faca the Halfling Hunter began the quest for the Orb.
     0 | D:1      | Reached XP level 1. HP: 14/14 MP: 1/1
    84 | D:1      | Reached skill level 1 in Short Blades
    84 | D:1      | Reached skill level 6 in Slings
    84 | D:1      | Reached XP level 2. HP: 11/19 MP: 2/2
   302 | D:1      | Reached XP level 3. HP: 5/24 MP: 3/3
  1206 | D:1      | Slain by a hobgoblin

Levels and vault maps discovered:
D:1:      dpeg_arrival_oval, layout_basic, serial_forest,
          infiniplex_forest_clump_small, infiniplex_forest_corner_1,
          infiniplex_forest_lined_3, infiniplex_forest_clump_diagonal,
          infiniplex_forest_lined_3, infiniplex_forest_lined_3,
          infiniplex_forest_straight_2, infiniplex_forest_end_3
D:2:      layout_rooms, chequers_ecumenical_altar_twisty, st_stairs_13,
          chequers_serial_rivers_large_b, supply_closet_lemuel,
          serial_bayou_lagoon_b

Skill      XL: |  1 |
---------------+----+-----
Fighting       | 2 |  2.3
Short Blades   | 1 |  1.8
Slings         | 6 |  6.3
Dodging        | |  2.1
Stealth        | |  1.1

Action                   || total
-------------------------++-------
Melee: Short sword       ||    60
 Fire: Hunting sling     ||    18
  Use: Scroll            ||     2
 Stab: Sleeping          ||     1
  Eat: Chunk             ||     1
Armor: Leather armour    ||    14
Dodge: Dodged            ||    49
Block: Buckler           ||     2

Table legend:
 A = Non-vault XP
 B = Vault XP
 C = Vault XP percentage of total XP
 D = Non-vault monster count
 E = Vault monster count
 F = Vault count percentage of total count
                 A         B        C        D         E       F
            +---------+---------+-------+---------+---------+-------
      Total |      47 |       0 |   0.0 |      20 |       0 |   0.0
            +---------+---------+-------+---------+---------+-------
        D:1 |      45 |       0 |   0.0 |      19 |       0 |   0.0
        D:2 |       2 |       0 |   0.0 |       1 |       0 |   0.0
            +---------+---------+-------+---------+---------+-------
